 Dungeon Crawl Stone Soup version 0.19.1-1-g22dce08 (webtiles) character file.

72 bombpersons the Magician (level 3, -3/26 HPs)
             Began as a Demigod Wizard on Dec 31, 2016.
             Slain by a big kobold
             ... wielding a +0 dagger
              (7 damage)
             ... on level 3 of the Dungeon.
             The game lasted 00:12:04 (3476 turns).

bombpersons the Magician (Demigod Wizard)           Turns: 3476, Time: 00:12:04

Health: -3/26      AC:  2    Str: 10    XL:     3   Next: 82%
Magic:  4/11       EV: 12    Int: 24    God:
Gold:   123        SH:  0    Dex: 14    Spells: 4 memorised, 3 levels left

rFire  . . .     SeeInvis .     f - +0 dagger
rCold  . . .     Gourm    .     a - +0 robe
rNeg   . . .     Faith    .     (no shield)
rPois  .         Spirit   .     b - +0 hat
rElec  .         Reflect  .     (no cloak)
rCorr  .         Harm     .     (no gloves)
MR     .....                    (no boots)
Stlth  ++........               (no amulet)
                                (no ring)
                                (no ring)

@: no status effects
A: high mp 1
a: no special abilities


You were on level 3 of the Dungeon.
You were not hungry.

You visited 1 branch of the dungeon, and saw 3 of its levels.

You collected 123 gold pieces.

Inventory:

Hand Weapons
 f - a +0 dagger (weapon)
Armour
 a - a +0 robe (worn)
 b - a +0 hat (worn)
 j - quicksilver dragon scales
 o - +0 gold dragon scales
Scrolls
 h - a scroll of immolation {unknown}
 k - a scroll of enchant weapon {unknown}
 m - a scroll of fear {unknown}
 p - a scroll of identify {unknown}
Potions
 d - a potion of flight {unknown}
 e - a potion of degeneration {unknown}
 l - a potion of lignification {unknown}
 n - a potion of invisibility
Books
 c - a book of Minor Magic

   Spells                             Type                      Level
   a - Magic Dart                     Conjuration                  1
   b - Blink                          Translocation                2
   c - Call Imp                       Summoning                    2
   d - Repel Missiles                 Charms/Air                   2
   e - Slow                           Hexes                        2
   f - Conjure Flame                  Conjuration/Fire             3
   g - Mephitic Cloud                 Conjuration/Poison/Air       3
Comestibles
 g - 2 beef jerkies
 i - a meat ration


   Skills:
 - Level 1.7 Dodging
 - Level 1.7 Stealth
 * Level 4.0 Spellcasting
 + Level 1.7 Conjurations
 - Level 0.8 Summonings
 - Level 0.8 Translocations


You had 3 spell levels left.
You knew the following spells:

 Your Spells              Type           Power        Failure   Level  Hunger
a - Magic Dart            Conj           ##..         6%          1    None
b - Blink                 Tloc           N/A          12%         2    #......
c - Call Imp              Summ           #.......     12%         2    #......
d - Repel Missiles        Chrm/Air       #.....       14%         2    #......


Dungeon Overview and Level Annotations

Branches:
Dungeon (3/15)

Annotations:
D:3 Sigmund


Innate Abilities, Weirdness & Mutations

You have an increased reservoir of magic. (+10% MP)


Message History

The big kobold hits you with a dagger.
* * * LOW HITPOINT WARNING * * *
Found a cloak.
Your magical contamination has completely faded away.
Sigmund the Dreaded comes into view.
He is wielding a scythe.
The big kobold barely misses you.
Sigmund shouts!
Sigmund screams, "Only death can liberate you!"
The big kobold hits you with a dagger.
* * * LOW HITPOINT WARNING * * *
You see here a cloak.
The big kobold closely misses you. The big kobold closely misses you.
The big kobold hits you with a dagger.
* * * LOW HITPOINT WARNING * * *
Sigmund gestures wildly while chanting.
Sigmund flickers and vanishes!
Deactivating autopickup; reactivate with Ctrl-A.
The big kobold hits you with a dagger!
You die...

#...# #.#<# #...#
#...# #.### #.# #.#
#K# #@# . . #.### ####
..#. ##...## #.. #
....##.....## #.# #.#
............###.# ..
...#..(.......(##.##.#
...
#.......###.......# ..
##.....####.##.#### #
##...## #...#.#


You could see a big kobold.

Vanquished Creatures
  3 adders
  A worm (D:2)
  3 giant cockroaches
  2 goblins
  10 hobgoblins
  7 jackals
  4 kobolds
  2 frilled lizards (D:1)
  7 rats
39 creatures vanquished.

Notes
Turn   | Place    | Note
-------+----------+-------------------------------------------
     0 | D:1      | bombpersons the Demigod Wizard began the quest for the Orb.
     0 | D:1      | Reached XP level 1. HP: 14/14 MP: 6/6
   154 | D:1      | Reached skill level 3 in Spellcasting
   424 | D:1      | Reached skill level 1 in Conjurations
   453 | D:1      | Reached XP level 2. HP: 20/20 MP: 4/8
  1133 | D:2      | Learned a level 2 spell: Blink
  1136 | D:2      | Learned a level 2 spell: Call Imp
  1139 | D:2      | Learned a level 2 spell: Repel Missiles
  1724 | D:2      | Reached XP level 3. HP: 9/26 MP: 0/10
  2144 | D:2      | Found a shadowy altar of Dithmenos.
  3325 | D:3      | Reached skill level 4 in Spellcasting
  3394 | D:3      | Noticed a big kobold
  3455 | D:3      | Noticed Sigmund
  3476 | D:3      | Slain by a big kobold

Skill      XL: |  1  2  3 |
---------------+----------+-----
Spellcasting   | 3 4 |  4.0
Conjurations   | 1 |  1.7
Dodging        | |  1.7
Stealth        | |  1.7
Summonings     | |  0.8
Translocations | |  0.8

Action                   || total
-------------------------++-------
Melee: Dagger            ||    24
 Cast: Magic Dart        ||   141
       Blink             ||     2
       Call Imp          ||     1
  Use: Potion            ||     2
  Eat: Fruit             ||     9
       Bread ration      ||     1
Armor: Robe              ||    17
Dodge: Dodged            ||    95
